 Dungeon Crawl Stone Soup version 0.30.0-10-gfe55d96785 (webtiles) character file.

Game seed: 5996757566089695553

253 SnakkuSnakku7 the Trooper (level 5, -5/48 HPs)
             Began as an Armataur Summoner on May 14, 2023.
             Slain by a gnoll
             ... wielding a +2 flail of protection
              (7 damage)
             ... on level 4 of the Dungeon.
             The game lasted 00:05:09 (2319 turns).

SnakkuSnakku7 the Trooper (Armataur Summoner)       Turns: 2319, Time: 00:05:10

Health: -5/48      AC: 10    Str: 15    XL:     5   Next: 90%
Magic:  7/7        EV:  2    Int: 15    God:
Gold:   70         SH:  0    Dex: 11    Spells: 6/7 levels left

rFire   . . .        a - +0 war axe
rCold   . . .        (no shield)
rNeg    . . .        n - +0 plate armour
rPois   .            q - +0 helmet
rElec   .            C - +0 cloak
rCorr   .            (no gloves)
SInv    .            (no barding)
Will    .....        w - amulet of the acrobat Stlth
                     s - +4 ring of slaying
HPRegen 0.28/turn    v - ring of flight
MPRegen 0.10/turn

%: acrobat, roll
@: flying
A: large, rugged brown scales 3, deformed body, armoured tail, roll, long
tongue, awkward tongue
a: no special abilities


You were on level 4 of the Dungeon.
You visited 1 branch of the dungeon, and saw 4 of its levels.

You collected 239 gold pieces.
You spent 169 gold pieces at shops.

Inventory:

Hand Weapons
 a - a +0 war axe (weapon)
 e - a +0 club
 h - a +0 whip
 o - a +0 dagger of speed
 p - a +5 club
Missiles
 f - 9 poisoned darts (quivered)
Armour
 n - a +0 plate armour (worn)
 q - a +0 helmet (worn)
 y - a +0 robe
 z - the +2 leather armour of the Catfish {rC+ rCorr Str-3 Int+3}
   (You found it on level 4 of the Dungeon)

   Str:       It affects your strength (-3).
   Int:       It affects your intelligence (+3).
   rC:        It protects you from cold.
   rCorr:     It protects you from acid and corrosion.
 C - a +0 cloak (worn)
Jewellery
 i - a ring of wizardry
 s - a +4 ring of slaying (left hand)
 v - a ring of flight (right hand)
 w - an amulet of the acrobat (around neck)
Scrolls
 c - 2 scrolls of silence {unknown}
 d - 4 scrolls of vulnerability {unknown}
 g - a scroll of blinking {unknown}
 j - a scroll of identify {unknown}
 k - 3 scrolls of teleportation {unknown}
 r - a scroll of enchant armour {unknown}
 u - a scroll of magic mapping {unknown}
 D - a scroll of fear {unknown}
Potions
 b - a potion of magic
 l - a potion of haste {unknown}
 m - a potion of attraction {unknown}
 t - a potion of might {unknown}
 x - a potion of flight {unknown}
 A - a potion of brilliance {unknown}


   Skills:
 - Level 3.5 Fighting
 + Level 0.2 Axes
 + Level 3.5 Throwing
 - Level 1.3 Dodging
 - Level 2.1 Stealth
 - Level 1.7 Spellcasting
 - Level 3.2 Summonings


You had 6 spell levels left.
You knew the following spells:

 Your Spells              Type           Power      Damage    Failure   Level
a - Summon Small Mammal   Summ           44%        N/A       99%         1

Your spell library contained the following spells:

 Spells                   Type           Power      Damage    Failure   Level
 Freeze                   Ice            4%         1d3       100%        1
 Call Imp                 Summ           22%        N/A       100%        2
 Call Canine Familiar     Summ           11%        N/A       100%        3
 Frozen Ramparts          Ice            2%         1d1       100%        3
 Hailstorm                Conj/Ice       1%         3d3       100%        3
 Summon Guardian Golem    Hex/Summ       6%         N/A       100%        3
 Vhi's Electric Charge    Tloc/Air       2%         N/A       100%        3
 Summon Lightning Spire   Summ/Air       6%         N/A       100%        4
 Arcjolt                  Conj/Air       0%         1d10      100%        5
 Maxwell's Capacitive Co  Air            0%         ∞         100%        8


Dungeon Overview and Level Annotations

Branches:
Dungeon (4/15)
 Temple: D:4-7

Altars:
Kikubaaqudgha
Qazlal

Shops:
D:3 *


Innate Abilities, Weirdness & Mutations

You are completely covered in rugged brown scales. (AC +3, +7% HP)
Armour fits poorly on your strangely shaped body.
You have a long armoured tail.
You roll when moving toward enemies. (Rampage)
Your long tongue fully drains potion bottles. (2x potion effects)
Your tongue gives you trouble enunciating. (1.5x scroll delay)


Message History

The gnoll hits you with a +2 flail of protection!
The gnoll hits you but does no damage.
You closely miss the gnoll.
The gnoll is heavily wounded.
The gnoll hits you from afar with a +0 spear.
The gnoll hits you with a +2 flail of protection.
You closely miss the gnoll.
The gnoll is heavily wounded.
The gnoll hits you from afar with a +0 spear.
The gnoll hits you with a +2 flail of protection.
The gnoll hits you but does no damage. x2
You hit the gnoll.
Your tail-slap misses the gnoll.
The gnoll is severely wounded.
The gnoll hits you but does no damage. x2
You hit the gnoll but do no damage.
The gnoll is severely wounded.
You closely miss the gnoll.
The gnoll hits you from afar with a +0 spear.
The gnoll hits you with a +2 flail of protection.
The gnoll hits you with a +0 whip. The gnoll barely misses you.
The gnoll hits you with a +0 whip!
* * * LOW HITPOINT WARNING * * *
The gnoll hits you from afar with a +0 spear.
* * * LOW HITPOINT WARNING * * *
Okay, then.
You hit the gnoll but do no damage.
You tail-slap the gnoll, but do no damage.
The gnoll is severely wounded.
You hit the gnoll.
The gnoll hits you from afar with a +0 spear.
* * * LOW HITPOINT WARNING * * *
The gnoll hits you with a +2 flail of protection.
* * * LOW HITPOINT WARNING * * *
The gnoll hits you but does no damage.
Unknown command.
You aren't carrying any items that you can evoke.
Unknown command.
The gnoll attacks as you move away!
The gnoll hits you with a +2 flail of protection!
You die...

#............# #..........
..##.....##..#####......$...
.........##.....##..........
..###..>.##.#.#.##..........
......##.##.#.#..#.)........
..#...##......##.#..........
..###.######.........!......
..# #..# #...g#gg.).......
..# #..# ###..@#.#####....
### #.. #.#.#..# .#.
#...##.# ........ #########
.##....... ......... .
#.......# ..........#
#.......# ..........#
#..>..... ..........#
.........#


You could see 3 gnolls.

Vanquished Creatures
  A centaur (D:3)
  A hound (D:4)
  A jelly (D:4)
  Robin (D:3)
  A gnoll (D:4)
  4 adders (D:2)
  A worm (D:3)
  A dart slug (D:1)
  4 endoplasms
  4 giant cockroaches
  8 hobgoblins
  2 quokkas
  6 ball pythons
  2 frilled lizards
  9 goblins
  5 kobolds
  4 rats
55 creatures vanquished.

Vanquished Creatures (collateral kills)
  A frilled lizard (D:2)
  A kobold (D:2)
2 creatures vanquished.

Grand Total: 57 creatures vanquished

Notes
Turn   | Place    | Note
-------+----------+-------------------------------------------
     0 | D:1      | SnakkuSnakku7 the Armataur Summoner began the quest for the
                  | Orb.
     0 | D:1      | Reached XP level 1. HP: 14/14 MP: 3/3
   273 | D:1      | Reached skill level 1 in Fighting
   290 | D:1      | Reached XP level 2. HP: 21/24 MP: 4/4
   293 | D:1      | Reached skill level 1 in Throwing
   990 | D:2      | Reached XP level 3. HP: 15/29 MP: 0/5
  1171 | D:2      | Found an ancient bone altar of Kikubaaqudgha.
  1457 | D:3      | Noticed Robin
  1474 | D:3      | Reached XP level 4. HP: 38/38 MP: 6/6
  1512 | D:3      | Killed Robin
  1751 | D:3      | Found a stormy altar of Qazlal.
  1773 | D:3      | Noticed a centaur
  1784 | D:3      | Killed a centaur
  1785 | D:3      | Reached XP level 5. HP: 3/48 MP: 7/7
  1967 | D:3      | Found a faded altar of an unknown god.
  2101 | D:3      | Found Ynuegon's Assorted Antiques.
  2113 | D:3      | Bought a lumpy jasper amulet for 95 gold pieces
  2113 | D:3      | Bought a scroll labelled RENUOJ ARAYPAI for 19 gold pieces
  2113 | D:3      | Bought a cyan potion for 17 gold pieces
  2113 | D:3      | Bought a scroll labelled RENUOJ ARAYPAI for 19 gold pieces
  2113 | D:3      | Bought a scroll labelled TULEONKEAP for 19 gold pieces
  2197 | D:4      | Identified the +2 leather armour of the Catfish {rC+ rCorr
                  | Str-3 Int+3}
  2318 | D:4      | HP: 2/48 [gnoll/+2 flail of protection (5)]
  2319 | D:4      | Slain by a gnoll

Illustrated notes

Levels and vault maps discovered:
D:1:      ebering_hopf_link, layout_basic, serial_curves, eino_curves_02,
          eino_curves_01, eino_curves_02, eino_curves_03
D:2:      layout_loops_cross, basic_altar
D:3:      layout_loops_ring, grunt_qazlal_clouds, serial_shops,
          nicolae_square_shop, basic_ecumenical_altar, uniq_robin
D:4:      layout_rooms

Skill      XL: |  1  2  3  4 |
---------------+-------------+-----
Fighting       | 1 2 3 |  3.5
Throwing       | 1 2 3 |  3.5
Axes           | |  0.2
Dodging        | |  1.3
Stealth        | |  2.1
Spellcasting   | |  1.7
Summonings     | |  3.2

Action                     |  1- 3 |  4- 6 || total
---------------------------+-------+-------++-------
  Melee: Club              |    23 |    53 ||    76
         Tailslap          |    12 |     9 ||    21
         Unarmed           |     4 |       ||     4
         Whip              |   101 |    14 ||   115
         Punch             |     2 |       ||     2
         War axe           |       |    18 ||    18
  Throw: Dart              |       |     7 ||     7
   Cast: Summon Small Mamm |    11 |       ||    11
    Use: Potion            |     3 |     1 ||     4
   Stab: Sleeping          |     4 |       ||     4
 Armour: Robe              |    68 |       ||    68
         Plate armour      |     1 |    76 ||    77
  Dodge: Dodged            |    85 |    13 ||    98
